 Dungeon Crawl Stone Soup version 0.17.2-1-ge4368a0 (console) character file.

102 Goblin1989 the Chucker (level 4, -8/35 HPs)
             Began as a Demonspawn Hunter on Nov 12, 2016.
             Mangled by Dowan
             ... wielding a +2 dagger of electrocution
              (9 damage)
             ... on level 4 of the Dungeon.
             The game lasted 00:10:11 (2712 turns).

Goblin1989 the Chucker (Demonspawn Hunter)          Turns: 2712, Time: 00:10:12

Health: -8/35      AC:  3    Str: 13    XL:     4   Next: 49%
Magic:  0/4        EV: 17    Int: 13    God:
Gold:   70         SH:  0    Dex: 18    Spells: 0 memorised, 3 levels left

rFire  . . .     SeeInvis .     m - +0 club
rCold  . . .     Clarity  .     b - +0 leather armour
rNeg   + . .     SustAt   .     (no shield)
rPois  .         Gourm    .     (helmet restricted)
rElec  .         Spirit   +     (no cloak)
rCorr  .         Warding  .     (no gloves)
rMut   +         Stasis   .     (no boots)
MR     .....                    j - amulet of resist mutation
Stlth  +++.......               (no ring)
                                g - ring of positive energy

@: agile, not resistant to hostile enchantments, fairly stealthy
A: horns 1, magic shield
a: no special abilities


You were on level 4 of the Dungeon.
You were not hungry.

You visited 1 branch of the dungeon, and saw 4 of its levels.

You collected 70 gold pieces.

Inventory:

Hand Weapons
 m - a +0 club (weapon)
 o - a +1 dagger of speed
Missiles
 c - 6 javelins (quivered)
 Z - 2 throwing nets {=f, !d}
Armour
 b - a +0 leather armour (worn)
 k - a +1 pair of boots
Jewellery
 g - a ring of positive energy (left hand)
 j - an amulet of resist mutation (around neck)
Scrolls
 a - a scroll of enchant armour {unknown}
 n - 3 scrolls of remove curse {@r2}
 R - 3 scrolls of identify {@r1}
Potions
 f - 2 potions of flight
 l - a potion of curing {@q1}
Comestibles
 d - 2 chunks of flesh {@w0}
 e - 2 bread rations {@e1}
 h - a meat ration {@e2}


   Skills:
 - Level 3.3 Fighting
 + Level 2.6 Maces & Flails
 - Level 3.6 Throwing
 - Level 0.6 Armour
 - Level 1.7 Dodging
 - Level 0.8 Stealth


You had 3 spell levels left.
You didn't know any spells.

Dungeon Overview and Level Annotations

Branches:
Dungeon (4/15)
 Temple: D:4-7

Altars:
Cheibriados
Dithmenos
Elyvilon
Trog
Xom

Annotations:
D:3 magog001's ghost, amateur FoHu
D:4 Dowan; Duvessa


Innate Abilities, Weirdness & Mutations

You have a pair of small horns on your head.
When hurt, damage is shared between your health and your magic reserves.


Message History

Dowan barely misses you.
You barely miss Dowan. You headbutt Dowan, but do no damage.
Dowan is almost dead.
Dowan barely misses you. Dowan hits you but does no damage.
You hit Dowan but do no damage.
Dowan is almost dead.
Dowan points at you and mumbles some strange words.
The puff of frost misses you.
You hit Dowan.
Dowan is almost dead.
Dowan closely misses you.
You barely miss Dowan.
Dowan is almost dead.
Dowan barely misses you.
You closely miss Dowan.
Dowan is almost dead.
Dowan hits you with a dagger of electrocution.
* * * LOW HITPOINT WARNING * * *
You are electrocuted!
You die...

.█....█ ..8..█
....█ █. ██...█
...█...w█
.8...8..█
e.e.....█
████.██████████
█......we@....█
█.███████████.█
. █ █.██ . █..█
. ██.██ . █..█
. ██.█ . █.█ .
█.██


You could see Dowan and a worm.

Vanquished Creatures
  4 adders
  2 worms (D:3)
  2 giant geckos
  An orc (D:4)
  2 giant cockroaches
  14 goblins
  10 hobgoblins
  2 jackals (D:4)
  3 kobolds
  A quokka (D:4)
  3 ball pythons
  7 bats
  A giant newt (D:1)
  5 rats
57 creatures vanquished.

Notes
Turn   | Place    | Note
--------------------------------------------------------------
     0 | D:1      | Goblin1989 the Demonspawn Hunter began the quest for the Orb.
     0 | D:1      | Reached XP level 1. HP: 16/16 MP: 1/1
   354 | D:1      | Gained mutation: When hurt, damage is shared between your health and your magic reserves. [demonic ancestry]
   354 | D:1      | Reached XP level 2. HP: 23/23 MP: 2/2
  1105 | D:1      | Gained mutation: You have a pair of small horns on your head. [demonic ancestry]
  1105 | D:1      | Reached XP level 3. HP: 27/29 MP: 3/3
  1318 | D:2      | Reached skill level 1 in Maces & Flails
  1332 | D:2      | Found a bloodstained altar of Trog.
  1588 | D:2      | Found a shadowy altar of Dithmenos.
  1590 | D:2      | Found a shimmering altar of Xom.
  1591 | D:2      | Found a white marble altar of Elyvilon.
  2132 | D:3      | Found a snail-covered altar of Cheibriados.
  2206 | D:3      | Reached XP level 4. HP: 7/35 MP: 4/4
  2285 | D:3      | Noticed magog001's ghost (amateur FoHu)
  2684 | D:4      | Noticed Duvessa
  2684 | D:4      | Noticed Dowan
  2712 | D:4      | HP: 1/35 [Dowan/dagger of electrocution (3)]
  2712 | D:4      | Mangled by Dowan

Action                   |  1- 3 |  4- 6 || total
-------------------------+-------+-------++-------
Melee: Short sword       |    49 |       ||    49
       Dagger            |   112 |    47 ||   159
       Club              |       |    16 ||    16
Throw: Javelin           |    12 |       ||    12
  Use: Scroll            |       |     5 ||     5
       Potion            |       |     3 ||     3
 Stab: Sleeping          |     1 |       ||     1
  Eat: Chunk             |     4 |     1 ||     5
       Beef jerky        |       |     1 ||     1

Vault maps used:
D:1:      dpeg_arrival_rooms_b, minmay_misc_feat_plants
D:2:      grunt_temple_overflow_open, serial_forest, infiniplex_forest_fountain,
          infiniplex_forest_clump_long, infiniplex_forest_straight_3,
          infiniplex_forest_clump_long, infiniplex_forest_side_room,
          infiniplex_forest_clump_long, corexii_leaking_fountain, trog_book
D:3:      minitemple, serial_park_tiny_1
D:4:      lightli_ossuary_entry_decrepit_ruins, grunt_decor_arrowhead,
          minmay_misc_feat_four_crosses, hangedman_decor_diamond_cutter,
          uniq_duvessa
